[Event "Team 45 45 League T50"]
[Site "Internet Chess Club"]
[Date "2011.10.03"]
[Round "8"]
[White "pentti63"]
[Black "AmrSobh"]
[Result "1-0"]
[WhiteElo "2275"]
[BlackElo "2185"]
[Opening "Bogo-Indian defense, Grünfeld variation"]
[ECO "E11"]
[Time "08:00:16"]
[TimeControl "2700+45"]

1. d4 Nf6 2. c4 e6 3. Nf3 Bb4+ 4. Nbd2 b6 5. a3 Bxd2+ 6. Bxd2 c5 7. Bg5 Bb7 8.
e3 h6 9. Bh4 cxd4 10. Qxd4 Nc6 11. Qc3 Qe7 12. Be2 O-O 13. O-O Rfd8 14. Rfd1 d6
15. Rac1 Rd7 16. Nd2 Ne5 17. Bg3 Ng6 18. b4 Rc8 19. Qb3 d5 20. Qa4 a6 21. cxd5
Nxd5 22. Rxc8+ Bxc8 23. Qc2 Bb7 24. Nc4 b5 25. Na5 Nb6 26. Nxb7 Rxb7 27. Qc5 Na4
28. Qc8+ Kh7 29. Bf3 Ra7 30. Bb8 Nh4 31. Bxa7 Qxa7 32. Qc2+ f5 33. Be2 Nb6 34.
Qc6 Nd5 35. g3 Nxe3 36. fxe3 Qxe3+ 37. Kf1 Ng6 38. Qf3 Qe5 39. h4 Qf6 40. h5 Ne7
41. Rd7 Nd5 42. Rxd5 exd5 43. Qxd5 g6 44. Qd7+ Kh8 45. Qe8+ Kg7 46. Qxg6+ Qxg6
47. hxg6 Kxg6 48. Bf3 {Black resigns} 1-0

[Event "Team 45 45 League T50"]
[Site "Internet Chess Club"]
[Date "2011.10.02"]
[Round "8"]
[White "egyptiantiger"]
[Black "aww-rats"]
[Result "1-0"]
[WhiteElo "2160"]
[BlackElo "2122"]
[Opening "Bogo-Indian defense, Nimzovich variation"]
[ECO "E11"]
[Time "15:00:10"]
[TimeControl "2700+45"]

1. d4 Nf6 2. Nf3 e6 3. c4 Bb4+ 4. Bd2 Qe7 5. g3 O-O 6. Bg2 Bxd2+ 7. Qxd2 d6 8.
Nc3 e5 9. O-O Re8 10. dxe5 dxe5 11. Nd5 Nxd5 12. cxd5 e4 13. Nd4 e3 14. fxe3
Qxe3+ 15. Qxe3 Rxe3 16. Rac1 Na6 17. Kf2 Re7 18. Rc4 Bg4 19. h3 Bh5 20. Rfc1
Rae8 21. g4 Bg6 22. Bf3 Be4 23. Nf5 Bxf5 24. gxf5 f6 25. b4 b5 26. Rc6 Nxb4 27.
Rxc7 Rxc7 28. Rxc7 Rd8 29. Rxa7 Kf8 30. e4 Nd3+ 31. Ke3 Ne5 32. Be2 b4 33. Ra4
Rb8 34. Kd4 b3 35. axb3 Rxb3 36. d6 g5 37. Kd5 Rxh3 38. Ke6 Re3 39. Bb5 Kg7 40.
d7 Nf7 41. Ke7 h5 42. Bc6 Ne5 43. Bd5 Nxd7 44. Kxd7 h4 45. Ke6 h3 46. Ra7+ Kh6
47. Kxf6 {Black resigns} 1-0

[Event "Team 45 45 League T50"]
[Site "Internet Chess Club"]
[Date "2011.10.02"]
[Round "8"]
[White "Morovon23"]
[Black "rdmuhcu"]
[Result "1-0"]
[WhiteElo "2319"]
[BlackElo "2217"]
[Opening "QGD Slav: Dutch variation"]
[ECO "D18"]
[Time "10:16:14"]
[TimeControl "2700+45"]

1. d4 d5 2. Nf3 Nf6 3. c4 c6 4. Nc3 dxc4 5. a4 Bf5 6. e3 Nbd7 7. Bxc4 e6 8. O-O
Bb4 9. Qe2 Bg6 10. Bd2 O-O 11. Ne4 Bxd2 12. Nexd2 Qb6 13. Bd3 Bxd3 14. Qxd3 h6
15. Nc4 Qc7 16. Rfc1 a5 17. h3 Rfd8 18. Qc2 Nb6 19. Nce5 Nbd7 20. Qe2 Nxe5 21.
Nxe5 Nd7 22. Nf3 e5 23. d5 Nf6 24. dxc6 bxc6 25. Rc2 Re8 26. Rac1 Re6 27. Nd2
Nd5 28. Ne4 Nb4 29. Rd2 Rd8 30. Rxd8+ Qxd8 31. Rd1 Nd5 32. Nc5 Rg6 33. e4 Qg5
34. Qg4 Qxg4 35. hxg4 Nf4 36. f3 h5 37. g3 Nh3+ 38. Kg2 hxg4 39. b4 axb4 40. a5
gxf3+ 41. Kxh3 Rh6+ 42. Kg4 f2 43. Rf1 Rg6+ 44. Kf3 b3 45. a6 Rd6 46. Ke2 b2 47.
Rb1 Rf6 48. Kf1 Rh6 49. Kxf2 Rh2+ 50. Ke3 Rc2 51. Nd3 Rc3 52. Rxb2 Ra3 53. Rb6
f6 54. Rxc6 Kf8 55. Kd2 Ke7 56. g4 Kd7 57. Nb4 Ra4 58. Rb6 Kc8 59. Kc3 Ra1 60.
Kc4 Ra4 61. Kb5 Ra1 62. Rb7 g6 63. Rg7 Kb8 64. Rxg6 Ka7 65. Nc6+ {Black resigns}
1-0

[Event "Team 45 45 League T50"]
[Site "Internet Chess Club"]
[Date "2011.10.03"]
[Round "8"]
[White "eurander"]
[Black "MikeA"]
[Result "1-0"]
[WhiteElo "2180"]
[BlackElo "2207"]
[Opening "Sicilian: Alapin's variation (2.c3)"]
[ECO "B22"]
[Time "17:00:12"]
[TimeControl "2700+45"]

1. e4 c5 2. c3 d6 3. d4 Nf6 4. Bd3 g6 5. Nf3 Bg7 6. O-O O-O 7. Be3 cxd4 8. cxd4
Nc6 9. h3 Qb6 10. Qe2 d5 11. e5 Ne4 12. Nc3 f5 13. exf6 Nxc3 14. bxc3 Rxf6 15.
Bg5 Rf8 16. Rab1 Qc7 17. Rfe1 e6 18. Bh4 Qa5 19. Rb3 Rxf3 20. gxf3 Bxd4 21. cxd4
Nxd4 22. Qe3 Qxe1+ 23. Qxe1 Nxf3+ 24. Kf1 Nxe1 25. Kxe1 e5 26. Bf1 Kf7 27. Bg2
Ke6 28. Rb5 Bd7 29. Rxb7 Kd6 30. Bg3 {Black resigns} 1-0

[Event "Team 45 45 League T50"]
[Site "Internet Chess Club"]
[Date "2011.09.30"]
[Round "8"]
[White "SlimeDog2"]
[Black "RedAttack"]
[Result "1-0"]
[WhiteElo "2098"]
[BlackElo "1929"]
[Opening "QGD semi-Slav: 5.e3"]
[ECO "D45"]
[Time "19:31:07"]
[TimeControl "2700+45"]

1. d4 d5 2. Nf3 Nf6 3. c4 c6 4. Nc3 e6 5. e3 Bb4 6. Bd3 O-O 7. O-O Nbd7 8. a3
Bd6 9. e4 dxe4 10. Nxe4 Nxe4 11. Bxe4 f5 12. Bc2 Nf6 13. Re1 h6 14. b4 Re8 15.
Bb2 b6 16. Ne5 Bxe5 17. Rxe5 Ba6 18. Qe2 Qd7 19. Re1 Kf7 20. h3 Rad8 21. g4 fxg4
22. hxg4 Qd6 23. Qd3 Bc8 24. Qg6+ Kg8 25. f4 Kf8 26. g5 Ng8 27. gxh6 Nxh6 28. f5
Re7 29. fxe6 Ng8 30. d5 Nf6 31. Rf5 Bxe6 32. dxe6 Rxe6 33. Rxe6 Qxe6 34. Rf2
Qe1+ 35. Kg2 Rd6 36. Bxf6 gxf6 37. Rxf6+ Rxf6 38. Qxf6+ Ke8 39. Qxc6+ Kf8 40.
Qa8+ Kg7 41. Qxa7+ Kf8 42. Qb8+ Kg7 43. Qg3+ {Black resigns} 1-0

[Event "Team 45 45 League T50"]
[Site "Internet Chess Club"]
[Date "2011.10.01"]
[Round "8"]
[White "Xanther"]
[Black "ElmerHo"]
[Result "1/2-1/2"]
[WhiteElo "1550"]
[BlackElo "1537"]
[Opening "Petrov: Nimzovich attack"]
[ECO "C42"]
[Time "23:10:01"]
[TimeControl "2700+45"]

1. e4 e5 2. Nf3 Nf6 3. Nxe5 d6 4. Nf3 Nxe4 5. Nc3 Nxc3 6. dxc3 Be7 7. Bc4 O-O 8.
O-O Nd7 9. Re1 Nf6 10. Qe2 Re8 11. Ng5 d5 12. Bd3 h6 13. Nf3 Bd6 14. Qf1 Bg4 15.
Nd4 c6 16. h3 Bd7 17. Rxe8+ Qxe8 18. Be3 Qc8 19. c4 c5 20. Nb5 Bxb5 21. cxb5 d4
22. Bd2 Qc7 23. Bc4 Re8 24. Re1 Rxe1 25. Qxe1 b6 26. a4 Qe7 {Game drawn by
mutual agreement} 1/2-1/2

[Event "Team 45 45 League T50"]
[Site "Internet Chess Club"]
[Date "2011.09.28"]
[Round "8"]
[White "BrerRabbit"]
[Black "doublepar"]
[Result "0-1"]
[WhiteElo "1502"]
[BlackElo "1495"]
[Opening "English opening"]
[ECO "A20"]
[Time "19:02:41"]
[TimeControl "2700+45"]

1. c4 e5 2. g3 Nf6 3. Bg2 c6 4. d4 exd4 5. Qxd4 d5 6. Nf3 Be6 7. O-O Be7 8. cxd5
Nxd5 9. Nc3 Bf6 10. Qd2 O-O 11. Nd4 Nxc3 12. bxc3 Bc4 13. Rd1 Re8 14. e3 Nd7
{White resigns} 0-1

[Event "Team 45 45 League T50"]
[Site "Internet Chess Club"]
[Date "2011.10.01"]
[Round "8"]
[White "oldprez"]
[Black "PsyMar"]
[Result "1-0"]
[WhiteElo "1477"]
[BlackElo "1325"]
[Opening "Four knights: Italian variation"]
[ECO "C47"]
[Time "11:00:12"]
[TimeControl "2700+45"]

1. e4 Nf6 2. Nc3 e5 3. Nf3 Nc6 4. Bc4 Nxe4 5. Nxe4 d5 6. Bd3 dxe4 7. Bxe4 f5 8.
Bxc6+ bxc6 9. Nxe5 Bd6 10. Qh5+ g6 11. Nxg6 hxg6 12. Qxh8+ Kd7 13. Qxd8+ Kxd8
14. d3 Rb8 15. O-O Ba6 16. Re1 Be7 17. b3 Bb4 18. Re6 Bc3 19. Rb1 Kd7 20. Rxg6
Re8 21. Be3 f4 22. Bxf4 Re2 23. h3 Rxc2 24. a4 Bd4 25. Be3 Bxd3 26. Bxd4 Bxg6
27. Bxa7 Rc3 28. Rd1+ Bd3 29. b4 c5 30. Bxc5 Kc6 31. g4 Bc2 32. Rd2 Bxa4 33. Kh2
Kb7 34. h4 Bc6 35. g5 Be8 36. f4 Bg6 37. Rf2 Kc6 38. f5 Rc4 39. fxg6 Rxh4+ 40.
Kg3 Rh1 41. g7 Rg1+ 42. Rg2 {Black resigns} 1-0

[Event "Team 45 45 League T50"]
[Site "Internet Chess Club"]
[Date "2011.10.04"]
[Round "8"]
[White "BishopMike"]
[Black "pudge"]
[Result "1-0"]
[WhiteElo "1417"]
[BlackElo "1517"]
[Opening "Sicilian"]
[ECO "B56"]
[Time "20:01:05"]
[TimeControl "2700+45"]

1. e4 c5 2. Nf3 d6 3. d4 cxd4 4. Nxd4 Nc6 5. Nc3 Nf6 6. f3 a6 7. Be3 Qb6 8. Rb1
e5 9. Nf5 Qc7 10. Ng3 Be7 11. Be2 b5 12. O-O O-O 13. a3 Be6 14. Nd5 Bxd5 15.
exd5 Na5 16. b4 Nc4 17. Bxc4 Qxc4 18. Nf5 Rfe8 19. Bg5 Qc7 20. Kh1 Qd7 21. Nxe7+
Rxe7 22. Bxf6 gxf6 23. f4 Kh8 24. Qh5 Rg8 25. Qh4 Qg4 26. Qxf6+ Rg7 27. g3 Re8
28. Qxd6 exf4 29. Rxf4 Qh3 30. Rf3 Re2 31. Qd8+ Rg8 32. Qf6+ Rg7 33. Rf2 Re3 34.
Rg1 Rxa3 35. d6 Qd7 36. Re1 Qc6+ 37. Kg1 Rxg3+ 38. hxg3 h6 39. Qxh6+ Kg8 40. Qf4
Qd7 41. Re7 Qh3 42. Re8+ Kh7 43. Qe4+ Rg6 44. Rxf7+ {Black resigns} 1-0

[Event "Team 45 45 League T50"]
[Site "Internet Chess Club"]
[Date "2011.09.30"]
[Round "8"]
[White "spongenotbob"]
[Black "achessfool"]
[Result "1/2-1/2"]
[WhiteElo "1457"]
[BlackElo "1533"]
[Opening "QGD: 4.Nf3"]
[ECO "D37"]
[Time "20:00:13"]
[TimeControl "2700+45"]

1. d4 Nf6 2. c4 e6 3. Nc3 d5 4. Nf3 Nbd7 5. cxd5 exd5 6. g3 Bb4 7. Bg2 Ne4 8.
Qc2 Ndf6 9. O-O O-O 10. Bf4 c6 11. Nxe4 dxe4 12. Nd2 Qxd4 13. Nxe4 Nxe4 14. Bxe4
h6 15. a3 Ba5 16. Rfd1 Qf6 17. Rd6 Qe7 18. Rd4 Bc7 19. Bxc7 Qxc7 20. Rad1 Bh3
21. Bf5 Bxf5 22. Qxf5 Qb6 23. Rb4 Qa6 24. Qh5 b6 25. Rg4 Qc8 26. Rdd4 Qe6 27.
Rde4 Qf6 28. Ref4 Qe6 29. Re4 Qf6 30. Ref4 Qe6 31. Re4 {Game drawn by
repetition} 1/2-1/2

[Event "Team 45 45 League T50"]
[Site "Internet Chess Club"]
[Date "2011.10.02"]
[Round "8"]
[White "Morphys-GGS"]
[Black "tworivers"]
[Result "1-0"]
[WhiteElo "1439"]
[BlackElo "1395"]
[Opening "Pirc: classical, h3 system"]
[ECO "B08"]
[Time "21:00:05"]
[TimeControl "2700+45"]

1. e4 d6 2. Nf3 Nf6 3. Nc3 g6 4. d4 Bg7 5. h3 O-O 6. Bd3 Nbd7 7. Be3 c6 8. O-O
Nb6 9. Ne2 Ne8 10. c3 e5 11. Qc2 Nc7 12. d5 cxd5 13. Bxb6 axb6 14. exd5 Nxd5 15.
Ng3 Be6 16. h4 Nf4 17. Ng5 Bd5 18. f3 h6 19. N5e4 Qxh4 20. c4 Bxe4 21. Nxe4 d5
22. cxd5 Nxd5 23. Qb3 Qe7 24. Qxd5 Rfd8 25. Qb3 Kh8 26. Rad1 f5 27. Nf2 Qc5 28.
Rc1 Qd4 29. Rc4 Qd6 30. Rd1 Qf6 31. Rb4 Rd6 32. Rb5 Ra5 33. Rxa5 bxa5 34. Qxb7
Rb6 35. Qc8+ Kh7 36. b3 Rc6 37. Qa8 Rc5 38. Bc4 Qe7 39. Qg8# {Black checkmated}
1-0

[Event "Team 45 45 League T50"]
[Site "Internet Chess Club"]
[Date "2011.10.02"]
[Round "8"]
[White "medsurg"]
[Black "TheronUAL"]
[Result "1-0"]
[WhiteElo "1360"]
[BlackElo "1559"]
[Opening "Caro-Kann: Tartakower (fantasy) variation"]
[ECO "B12"]
[Time "20:00:14"]
[TimeControl "2700+45"]

1. e4 c6 2. d4 d5 3. f3 dxe4 4. fxe4 Nf6 5. Nc3 Bg4 6. Nf3 e6 7. Bg5 Be7 8. Be2
Bh5 9. Qd3 O-O 10. h3 Nbd7 11. Bf4 Nb6 12. O-O-O h6 13. Ne5 Nbd7 14. g4 Nxe5 15.
dxe5 Qc7 16. Qf3 Nd7 17. gxh5 Rfd8 18. Qg3 Bg5 19. Rhg1 Qxe5 20. Bxg5 Qxg3 21.
Rxg3 hxg5 22. Rxg5 f6 23. Rgg1 Ne5 24. Rxd8+ Rxd8 25. Rd1 Rxd1+ 26. Nxd1 Kh7 27.
Ne3 b5 28. b3 a6 29. Ng4 Nd7 30. a4 Nc5 31. axb5 axb5 32. Bf3 e5 33. Ne3 Ne6 34.
Kd2 Kh6 35. h4 g6 36. hxg6 Kxg6 37. Kc3 Nd4 38. Bg4 c5 39. Bf5+ Kh5 40. Nd5 Kxh4
41. Nxf6 Kg5 42. Nd7 Ne2+ 43. Kd2 Ng3 44. Nxc5 Nxf5 45. exf5 Kxf5 46. Ke3 e4 47.
Nxe4 Ke5 48. Kd3 b4 49. Kc4 Kxe4 50. Kxb4 Kd5 51. Kb5 Kd4 52. c4 {Black resigns}
1-0